 Dungeon Crawl Stone Soup version 0.22.1-6-g1668fe2c40 (webtiles) character file.

81 Kohma the Grave Robber (level 4, -3/33 HPs)
             Began as a Demonspawn Necromancer on Jan 24, 2019.
             Slain by a worm (5 damage)
             ... on level 2 of the Dungeon.
             The game lasted 00:04:34 (1976 turns).

Kohma the Grave Robber (Demonspawn Necromancer)     Turns: 1976, Time: 00:04:35

Health: -3/33      AC:  6    Str:  9    XL:     4   Next: 19%
Magic:  4/7        EV: 12    Int: 16    God:
Gold:   53         SH:  0    Dex: 14    Spells: 6/8 levels left

rFire    . . .     SeeInvis .   d - +0 dagger
rCold    . . .     Gourm    .   (no shield)
rNeg     . . .     Faith    .   a - +0 robe
rPois    .         Spirit   .   (no helmet)
rElec    .         Reflect  .   (no cloak)
rCorr    +         Harm     .   (no gloves)
MR       .....                  (no boots)
Stlth    ++........             (no amulet)
HPRegen  0.11/turn              (no ring)
MPRegen  0.10/turn              (no ring)

@: no status effects
A: yellow scales 3
a: no special abilities


You were on level 2 of the Dungeon.
You were hungry.

You visited 1 branch of the dungeon, and saw 2 of its levels.

You collected 53 gold pieces.

Inventory:

Hand Weapons
 d - a +0 dagger (weapon)
Missiles
 e - a tomahawk (quivered)
 k - 24 stones
Armour
 a - a +0 robe (worn)
Scrolls
 b - a scroll of amnesia {unknown}
 f - 2 scrolls of identify {unknown}
 i - a scroll of enchant weapon {unknown}
 j - a scroll of fog {unknown}
Potions
 g - a potion of curing {unknown}
Comestibles
 c - 3 rations


   Skills:
 + Level 1.7 Fighting
 - Level 1.7 Dodging
 - Level 1.7 Stealth
 + Level 2.6 Spellcasting
 * Level 5.4 Necromancy


You had 6 spell levels left.
You knew the following spells:

 Your Spells              Type           Power        Failure   Level  Hunger
a - Pain                  Necr           ###.         1%          1    #......
b - Animate Skeleton      Necr           N/A          1%          1    #......

Your spell library contained the following spells:

 Spells                   Type           Power        Failure   Level  Hunger
 Vampiric Draining        Necr           ###.......   6%          3    ###....
 Regeneration             Chrm/Necr      ##........   19%         3    ###....
 Animate Dead             Necr           N/A          21%         4    #####..


Dungeon Overview and Level Annotations

Branches:
Dungeon (2/15)

Altars:


Innate Abilities, Weirdness & Mutations

You are completely covered in yellow scales. (AC +4, rCorr)


Message History

Casting: Pain (safe; 1% risk of failure)
Confirm with . or Enter, or press ? or * to list all spells.
Aiming: Pain (safe; 1% risk of failure)
Press: ? - help, Shift-Dir - straight line, f/p - worm
Aim: a worm (heavily wounded, chance to defeat MR: 84%)
The worm writhes in agony!
The centaur unwields an uncursed club.
The centaur wields a shortbow.
The centaur shoots an arrow.
The arrow hits you! The worm bites you!
Casting: Pain (safe; 1% risk of failure)
Confirm with . or Enter, or press ? or * to list all spells.
Aiming: Pain (safe; 1% risk of failure)
Press: ? - help, Shift-Dir - straight line, f/p - worm
Aim: a worm (heavily wounded, chance to defeat MR: 84%)
The worm barely resists.
The centaur shoots an arrow.
The arrow hits you!
* * * LOW HITPOINT WARNING * * *
Your kobold skeleton barely misses the worm.
The centaur shoots an arrow.
The arrow hits you.
* * * LOW HITPOINT WARNING * * *
The worm bites you.
You die...

#.# #.# ##
#########.# #.
........#.#
#.########.#.######
#..>...............
..#...........######
#...######### #@Z.#
#.w.# #.รท.# #...#
#...# #...# #...#
#c..# #...#


You could see a centaur, a worm and a friendly kobold skeleton.

Vanquished Creatures
  Jessica (D:2)
  2 adders (D:2)
  A worm (D:2)
  2 leopard geckos (D:1)
  4 bats (D:1)
  8 goblins
  3 hobgoblins
  5 kobolds
  2 frilled lizards
  4 rats
32 creatures vanquished.

Notes
Turn   | Place    | Note
-------+----------+-------------------------------------------
     0 | D:1      | Kohma the Demonspawn Necromancer began the quest for the
                  | Orb.
     0 | D:1      | Reached XP level 1. HP: 13/13 MP: 3/3
     2 | D:1      | Learned a level 1 spell: Animate Skeleton
   589 | D:1      | Gained mutation: You are partially covered in yellow
                  | scales. (AC +2) [demonic ancestry]
   589 | D:1      | Reached XP level 2. HP: 18/20 MP: 1/5
  1099 | D:1      | Reached skill level 1 in Fighting
  1223 | D:1      | Reached skill level 5 in Necromancy
  1468 | D:2      | Gained mutation: You are mostly covered in yellow scales.
                  | (AC +3) [demonic ancestry]
  1468 | D:2      | Reached XP level 3. HP: 25/26 MP: 3/6
  1593 | D:2      | Noticed Jessica
  1600 | D:2      | Killed Jessica
  1600 | D:2      | Gained mutation: You are completely covered in yellow
                  | scales. (AC +4, rCorr) [demonic ancestry]
  1600 | D:2      | Reached XP level 4. HP: 27/32 MP: 1/7
  1974 | D:2      | Noticed a centaur
  1976 | D:2      | Slain by a worm

Skill      XL: |  1  2 |
---------------+-------+-----
Fighting       | 1 |  1.7
Necromancy     | 5 |  5.4
Dodging        | |  1.7
Stealth        | |  1.7
Spellcasting   | |  2.6

Action                   |  1- 3 |  4- 6 || total
-------------------------+-------+-------++-------
Melee: Dagger            |    61 |    16 ||    77
Throw: Tomahawk          |     5 |       ||     5
 Cast: Pain              |    30 |    16 ||    46
       Animate Skeleton  |     7 |     1 ||     8
 Stab: Sleeping          |     1 |       ||     1
  Eat: Chunk             |     3 |       ||     3
Armor: Robe              |    24 |     9 ||    33
Dodge: Dodged            |    59 |    14 ||    73
